 Dungeon Crawl Stone Soup version 0.17-a0-870-gcb215c1 (webtiles) character file.

108 Espgualade the Skirmisher (level 4, 3/29 HPs)
             Began as a Tengu Ice Elementalist on Apr 29, 2015.
             Quit the game on level 3 of the Dungeon.
             The game lasted 00:08:21 (2906 turns).

Espgualade the Skirmisher (Tengu Ice Elementalist)  Turns: 2906, Time: 00:08:21

Health: 3/29       AC:  4    Str:  9    XL:     4   Next: 87%
Magic:  4/8        EV: 12    Int: 16    God:
Gold:   142        SH:  0    Dex: 14    Spells: 3 memorised, 1 level left

rFire  . . .     SeeInvis .     g - +1 short sword
rCold  . . .     Clarity  .     a - +0 robe
rNeg   . . .     SustAb   .     (no shield)
rPois  .         Gourm    .     (helmet restricted)
rElec  .         Spirit   .     h - +1 cloak
rCorr  .         Warding  .     (no gloves)
rMut   .         Stasis   .     (boots unavailable)
MR     .....                    (no amulet)
Stlth  ++........               (no ring)
                                (no ring)

@: lethally poisoned (3 -> -5), very slightly contaminated, invisible, not
resistant to hostile enchantments, unstealthy
A: beak, talons 3
a: no special abilities


You were on level 3 of the Dungeon.
You were very full.

You visited 1 branch of the dungeon, and saw 3 of its levels.

You collected 142 gold pieces.

Inventory:

Hand weapons
 g - a +1 short sword (weapon)
 s - a +0 hand crossbow
Armour
 a - a +0 robe (worn)
 h - a +1 cloak (worn)
Magical devices
 l - a wand of polymorph (6)
Scrolls
 f - 4 scrolls of remove curse
 i - 2 scrolls of amnesia
 k - a scroll of noise
 m - a scroll of recharging
 o - 2 scrolls of enchant weapon
 u - a scroll of enchant armour
Potions
 e - 2 potions of cancellation
 j - a potion of lignification
 r - a potion of brilliance
 t - a potion of resistance
Books
 b - a book of Frost

   Spells                             Type                      Level
   a - Freeze                         Ice                          1
   b - Throw Frost                    Conjuration/Ice              2
   c - Ozocubu's Armour               Charms/Ice                   3
   d - Throw Icicle                   Conjuration/Ice              4
   e - Summon Ice Beast               Ice/Summoning                4
   f - Condensation Shield            Ice                          4
Comestibles
 c - 2 bread rations
 d - a slice of pizza
 v - a meat ration


   Skills:
 + Level 4.3 Fighting
 - Level 2.1 Dodging
 - Level 2.0 Stealth
 - Level 2.0 Spellcasting
 - Level 1.3 Conjurations
 - Level 2.6 Ice Magic


You had one spell level left.
You knew the following spells:

 Your Spells              Type           Power        Failure   Level  Hunger
a - Freeze                Ice            ##..         10%         1    #......
b - Throw Frost           Conj/Ice       #.....       14%         2    ###....
c - Ozocubu's Armour      Chrm/Ice       #.......     38%         3    ###....


Dungeon Overview and Level Annotations

Branches:
Dungeon (3/15)

Altars:
Ru
Yredelemnul
The Shining One

Annotations:
D:3 FedoraBrony69's ghost, weakling MiBe


Innate Abilities, Weirdness & Mutations

You have a beak for a mouth.
You have claws for feet.


Message History

You feel sick.
You see here a bat corpse.
* * * LOW HITPOINT WARNING * * *
You feel sick.
There is an open door here.
Eat which item? (? for menu, Esc to quit)
* * * LOW HITPOINT WARNING * * *
You feel sick.
You continue eating.
* * * LOW HITPOINT WARNING * * *
You feel sick.
You continue eating.
* * * LOW HITPOINT WARNING * * *
You feel sick.
You finish eating.
That bread ration really hit the spot!
* * * LOW HITPOINT WARNING * * *
You feel sick.
* * * LOW HITPOINT WARNING * * *
You feel sick.
Are you sure you want to abandon this character and quit the game? (Confirm with "yes".)

#.. ###.. #....
#.... ###### #....
#....# #####
#....# #....#
#.@..# #
#####....########
#
..........'†)((.(#
#####
#####....######(#
#.... #....# #.#
#.### #....#
#.###.# # #....#
#.....### ######
#########.
#.........


There were no monsters in sight!

Vanquished Creatures
  3 adders
  An ooze (D:1)
  2 worms (D:2)
  A giant gecko (D:1)
  3 orcs (D:3)
  A ball python (D:2)
  8 bats
  11 goblins
  7 hobgoblins
  10 kobolds
  3 quokkas
  5 giant cockroaches
  3 giant newts (D:1)
  8 rats
66 creatures vanquished.

Notes
Turn   | Place    | Note
--------------------------------------------------------------
     0 | D:1      | Espgualade, the Tengu Ice Elementalist, began the quest for the Orb.
     0 | D:1      | Reached XP level 1. HP: 10/10 MP: 4/4
   305 | D:1      | Reached skill level 1 in Fighting
   343 | D:1      | Reached XP level 2. HP: 9/16 MP: 1/6
   497 | D:1      | Learned a level 2 spell: Throw Frost
   822 | D:1      | Reached XP level 3. HP: 7/22 MP: 4/7
  1262 | D:1      | Learned a level 3 spell: Ozocubu's Armour
  1353 | D:2      | Reached skill level 3 in Fighting
  1470 | D:2      | Found a glowing golden altar of the Shining One.
  1471 | D:2      | Noticed an angel
  1478 | D:2      | Found a basalt altar of Yredelemnul.
  1479 | D:2      | Noticed a profane servitor
  1499 | D:2      | Reached XP level 4. HP: 25/28 MP: 8/8
  2198 | D:3      | Reached skill level 4 in Fighting
  2217 | D:3      | Noticed FedoraBrony69's ghost (weakling MiBe)
  2282 | D:3      | Found a sacrificial altar of Ru.
  2906 | D:3      | Quit the game

Action                   |  1- 3 |  4- 6 || total
-------------------------+-------+-------++-------
Melee: Unarmed           |     6 |       ||     6
       Short sword       |    69 |    59 ||   128
 Cast: Freeze            |    28 |    14 ||    42
       Ozocubu's Armour  |       |     1 ||     1
  Use: Potion            |     4 |     2 ||     6
       Scroll            |       |    10 ||    10
 Stab: Sleeping          |     5 |     2 ||     7
       Invisible         |     2 |       ||     2
  Eat: Chunk             |     3 |     3 ||     6
       Bread ration      |       |     2 ||     2
